 Seeded DCSS version 0.30-a0-354-g6b83867 (webtiles) character file.

Game seed: 3101965534844506991 (custom seed)

129 Sixotanaka the Insei (level 5, -3/37 HPs)
             Began as a Human Transmuter on Nov 7, 2022.
             Slain by an orc priest
             ... wielding a +0 war axe
              (9 damage)
             ... on level 3 of the Dungeon.
             The game lasted 00:07:06 (2236 turns).

Sixotanaka the Insei (Human Transmuter)             Turns: 2236, Time: 00:07:06

Health: -3/37      AC:  3    Str: 12    XL:     5   Next: 35%
Magic:  17/17      EV: 11    Int: 14    God:
Gold:   143        SH:  0    Dex: 13    Spells: 7/8 levels left

rFire   . . .      SeeInvis .      - Unarmed
rCold   . . .      Faith    .    (no shield)
rNeg    . . .      Spirit   .    c - +0 leather armour
rPois   .          Reflect  .    (helmet currently unavailable)
rElec   .          Harm     .    (no cloak)
rCorr   .          Rampage  .    (no gloves)
Will    .....                    (boots currently unavailable)
Stlth   +.........               (no amulet)
HPRegen 0.26/turn                o - ring of magical power
MPRegen 0.15/turn                h - ring of flight

@: appendages (expiring), flying, invisible
A: horns 2, talons 2
a: End Transformation


You were on level 3 of the Dungeon.
You had temporarily grown beastly horns and talons.
You visited 1 branch of the dungeon, and saw 3 of its levels.

You collected 143 gold pieces.

Inventory:

Armour
 c - a +0 leather armour (worn)
Jewellery
 h - a ring of flight (right hand)
 o - a ring of magical power (left hand)
Scrolls
 d - a scroll of poison {unknown}
 e - a scroll of teleportation {unknown}
 f - a scroll of identify
 j - a scroll of noise {unknown}
 n - a scroll of enchant weapon {unknown}
 p - a scroll of amnesia {unknown}
Potions
 b - a potion of lignification
 i - 2 potions of curing {unknown}
 k - a potion of ambrosia {unknown}
 l - 2 potions of invisibility
 m - 2 potions of might
 q - a potion of heal wounds {unknown}


   Skills:
 - Level 1.0 Fighting
 - Level 2.0 Dodging
 * Level 5.0 Unarmed Combat
 - Level 2.0 Spellcasting
 + Level 3.2 Transmutations


You had 7 spell levels left.
You knew the following spells:

 Your Spells              Type           Power      Damage    Failure   Level
a - Beastly Appendage     Tmut           20%        N/A       8%          1

Your spell library contained the following spells:

 Spells                   Type           Power      Damage    Failure   Level
 Wereblood                Tmut           10%        N/A       12%         2
 Spider Form              Tmut/Pois      5%         N/A       43%         3
 Ice Form                 Ice/Tmut       5%         N/A       83%         4


Dungeon Overview and Level Annotations

Branches:
Dungeon (3/15)

Altars:
Dithmenos
Gozag
Hepliaklqana
Trog

Annotations:
D:3 Ijyb


Innate Abilities, Weirdness & Mutations

You have temporarily grown beastly horns and talons.


Message History

The orc priest hits you with a +0 war axe!
You closely miss the orc priest. Your kick misses the orc priest.
The orc priest hits you with a +0 war axe.
You closely miss the orc priest. Your kick misses the orc priest.
You headbutt the orc priest, but do no damage.
The orc priest looks encouraged for a moment.
You barely miss the orc priest.
The orc priest begins to cast a cantrip, but forgets the words!
You barely miss the orc priest. The orc priest closely misses you.
You hit the orc priest but do no damage.
You claw the orc priest, but do no damage.
The orc priest hits you with a +0 war axe!
You hit the orc priest.
The orc priest is lightly wounded.
The orc priest hits you with a +0 war axe!
You hit the orc priest.
The orc priest is moderately wounded.
Your transformation is almost over.
The orc priest hits you with a +0 war axe!
* * * LOW HITPOINT WARNING * * *
You fade into invisibility!
The orc priest closely misses you.
You strike the helpless orc priest from behind!
You hit the orc priest. Your headbutt misses the orc priest.
Your punch misses the orc priest.
The orc priest is moderately wounded.
You hit the orc priest but do no damage.
Your headbutt misses the orc priest.
The orc priest is moderately wounded.
The orc priest closely misses you.
Okay, then.
You barely miss the orc priest.
You claw the orc priest, but do no damage.
The orc priest is moderately wounded.
The orc priest closely misses you.
You barely miss the orc priest.
You claw the orc priest, but do no damage.
The orc priest is moderately wounded.
The orc priest hits you with a +0 war axe!
You die...

#.# #...# #.# #.### #.#
#...# #.# ###.#
#[###########.#
#...........#.########
..############.#.........
.......o.# #.#<........
+##.
..######@#####.#.........
.... #.....#.#.........
.... #####.#.#.########
.... ...###.#.#.# ....
+.........#.# ....
#...###.###.# .... +.
..)# ..# ##. ##### ..._


You could see an orc priest (unable to see you).

Vanquished Creatures
  An orc priest (D:3)
  A gnoll (D:1)
  2 adders
  3 dart slugs (D:2)
  2 orcs
  7 endoplasms
  7 giant cockroaches
  7 goblins
  3 hobgoblins (D:1)
  3 kobolds
  4 quokkas
  5 ball pythons
  6 bats
  3 frilled lizards
  5 rats
59 creatures vanquished.

Notes
Turn   | Place    | Note
-------+----------+-------------------------------------------
     0 | D:1      | Sixotanaka the Human Transmuter began the quest for the
                  | Orb.
     0 | D:1      | Reached XP level 1. HP: 15/15 MP: 3/3
    48 | D:1      | You fall into a shaft and drop 1 floor!
   234 | D:1      | Reached XP level 2. HP: 21/21 MP: 3/5
   293 | D:1      | Reached XP level 3. HP: 14/26 MP: 4/6
   587 | D:1      | Reached skill level 4 in Unarmed Combat
  1111 | D:2      | Reached XP level 4. HP: 31/32 MP: 5/7
  1965 | D:3      | Found an opulent altar of Gozag.
  1966 | D:3      | Found a bloodstained altar of Trog.
  2020 | D:2      | Reached XP level 5. HP: 37/37 MP: 8/8
  2030 | D:3      | Reached skill level 5 in Unarmed Combat
  2035 | D:3      | Found a shadowy altar of Dithmenos.
  2035 | D:3      | Found a hazy altar of Hepliaklqana.
  2035 | D:3      | Noticed Ijyb
  2236 | D:3      | Slain by an orc priest

Illustrated notes

Levels and vault maps discovered:
D:1:      dpeg_arrival_shelter, layout_loops_ring, minmay_misc_feat_enclosed,
          nicolae_kite_square_tiling_tiny
D:2:      layout_loops_corners, roderic_roman_lattice,
          chequers_serial_rivers_marsh, minmay_quadrilaterals
D:3:      layout_basic, grunt_temple_overflow_open, ebering_ghost_rock_garden,
          uniq_ijyb

Skill      XL: |  1  2  3  4  5 |
---------------+----------------+-----
Unarmed Combat | 4 5 |  5.0
Transmutations | 3 |  3.2
Fighting       | |  1.0
Dodging        | |  2.0
Spellcasting   | |  2.0

Action                   |  1- 3 |  4- 6 || total
-------------------------+-------+-------++-------
Melee: Unarmed           |    71 |    89 ||   160
       Kick              |    18 |    24 ||    42
       Headbutt          |    11 |    11 ||    22
       Punch             |     2 |       ||     2
 Cast: Beastly Appendage |    16 |    20 ||    36
  Use: Scroll            |       |     3 ||     3
       Potion            |       |     1 ||     1
 Stab: Sleeping          |     1 |       ||     1
       Invisible         |       |     1 ||     1
Armor: Robe              |    10 |    18 ||    28
Dodge: Dodged            |    27 |    55 ||    82

Table legend: (Time is in decaauts)
 A = Elapsed time spent in this place.
 B = Non-inter-level travel time spent in this place.
 C = Inter-level travel time spent in this place.
 D = Time resting spent in this place.
 E = Time spent auto-exploring this place.
 F = Levels seen in this place.
 G = Mean time per level.
                   A        B        C        D        E       F      G
               +--------+--------+--------+--------+--------+-----+--------+
         Total |   2226 |   1951 |    275 |    107 |    942 |   3 |  742.0 |
       Dungeon |   2226 |   1951 |    275 |    107 |    942 |   3 |  742.0 |
               +--------+--------+--------+--------+--------+-----+--------+

Top non-repeatable levels by time:
     D:2: 1087 daAuts
     D:1: 1000 daAuts
     D:3: 137 daAuts
